PAAA
JERSEY CITY TRITONS @ BATON ROUGE BRASS
08/02/2042
 
TOP OF THE 1ST
Jersey City Tritons batting - Pitching for Baton Rouge Brass : RHP David Silva
Pitching: RHP David Silva
Batting: LHB Justice Bigbie 0-0: Ball
1-0: Foul Ball, location: 2F
1-1: Fly out, F7 (Flyball, 7S, EV 85.0 MPH)
Batting: RHB Santiago Valentín 0-0: Called Strike
0-1: Ground out 6-3 (Groundball, 6MS, EV 79.4 MPH)
Batting: LHB DeMarvion Overshown 0-0: Called Strike
0-1: Called Strike
0-2: Ball
1-2: Ground out 6-3 (Groundball, 56, EV 110.6 MPH)
Top of the 1st over - 0 runs, 0 hits, 0 errors, 0 left on base; Jersey City 0 - Baton Rouge 0
BOTTOM OF THE 1ST
Baton Rouge Brass batting - Pitching for Jersey City Tritons : RHP Dou-guan Shao
Pitching: RHP Dou-guan Shao
Batting: RHB Hal Phillips 0-0: Ball
1-0: Ball
2-0: Ball
3-0: Foul Ball, location: 2F
3-1: Base on Balls
Batting: RHB Nick Boyd 0-0: Ball
1-0: Called Strike
1-1: Ball
Wild Pitch!
Hal Phillips to second
2-1: Ball
3-1: Foul Ball, location: 2F
3-2: Foul Ball, location: 2F
3-2: Foul Ball, location: 2F
3-2: Foul Ball, location: 2F
3-2: Ground out 1-3 (Groundball, P, EV 80.6 MPH)
Hal Phillips to third
Batting: LHB Stephen Goldobenko 0-0: Ball
1-0: Called Strike
1-1: Ball
2-1: Foul Ball, location: 2F
2-2: Ball
3-2: Base on Balls
Batting: LHB Weston Doyle 0-0: Ball
1-0: Foul Ball, location: 2F
1-1: Ball
2-1: Ball
3-1: Fly out, F9 (Flyball, 9LD, EV 77.5 MPH)
Runner from 3rd tags up, SCORES, throw by RF
Batting: RHB Jamy Geertsen 0-0: Called Strike
0-1: Swinging Strike
0-2: Ball
1-2: Strikes out looking
Bottom of the 1st over - 1 run, 0 hits, 0 errors, 1 left on base; Jersey City 0 - Baton Rouge 1
TOP OF THE 2ND
Jersey City Tritons batting - Pitching for Baton Rouge Brass : RHP David Silva
Batting: RHB Xiao-yong Huang 0-0: SINGLE (Line Drive, 78S, EV 110.0 MPH)
Batting: LHB Kevin Hancock 0-0: Ball
1-0: Ball
2-0: Fly out, F9 (Flyball, 89XD, EV 90.6 MPH)
Batting: RHB John Juanda 0-0: Ball
Xiao-yong Huang steals 2nd base
1-0: Ball
2-0: Ground out 5-3 (Groundball, 56, EV 103.8 MPH)
Batting: LHB Jim Henson 0-0: Ball
1-0: Called Strike
1-1: Ball
2-1: Ball
3-1: 2-RUN HOME RUN (Flyball, 89XD, EV 95.0 MPH), Distance : 429 ft
Batting: RHB Víctor Bojórquez 0-0: Ball
1-0: Foul Ball, location: 2F
1-1: SINGLE (Line Drive, 78M, EV 91.2 MPH)
Batting: RHB Ricardo Quintanilla 0-0: Foul Ball, location: 2F
0-1: Ball
1-1: Foul Ball, location: 2F
1-2: Ball
2-2: Fly out, F8 (Flyball, 89XD, EV 105.0 MPH)
Top of the 2nd over - 2 runs, 3 hits, 0 errors, 1 left on base; Jersey City 2 - Baton Rouge 1
BOTTOM OF THE 2ND
Baton Rouge Brass batting - Pitching for Jersey City Tritons : RHP Dou-guan Shao
Batting: LHB Dave Summers 0-0: Foul Ball, location: 2F
0-1: Ground out 6-3 (Groundball, 6, EV 98.1 MPH)
Batting: SHB Vicente Romero 0-0: Called Strike
0-1: Swinging Strike
0-2: Ball
1-2: Ball
2-2: Ground out 4-3 (Groundball, 4, EV 85.0 MPH)
Batting: RHB Travis Murphy 0-0: Ball
1-0: Fly out, F8 (Flyball, 78D, EV 102.5 MPH)
Bottom of the 2nd over - 0 runs, 0 hits, 0 errors, 0 left on base; Jersey City 2 - Baton Rouge 1
TOP OF THE 3RD
Jersey City Tritons batting - Pitching for Baton Rouge Brass : RHP David Silva
Batting: LHB Justice Bigbie 0-0: Called Strike
0-1: Foul Ball, location: 2F
0-2: Ball
1-2: Ground out 1-3 (Groundball, 13S, EV 68.1 MPH)
Batting: RHB Santiago Valentín 0-0: Foul Ball, location: 2F
0-1: Ball
1-1: Ball
2-1: Fly out, F9 (Flyball, 89D, EV 107.5 MPH)
Batting: LHB DeMarvion Overshown 0-0: Swinging Strike
0-1: Ball
1-1: Foul Ball, location: 2F
1-2: Foul Ball, location: 2F
1-2: Ball
2-2: Fly out, F8 (Line Drive, 8RM, EV 105.0 MPH)
Top of the 3rd over - 0 runs, 0 hits, 0 errors, 0 left on base; Jersey City 2 - Baton Rouge 1
BOTTOM OF THE 3RD
Baton Rouge Brass batting - Pitching for Jersey City Tritons : RHP Dou-guan Shao
Batting: RHB Wren Driscoll 0-0: Swinging Strike
0-1: Ball
1-1: Ball
2-1: Foul Ball, location: 2F
2-2: Strikes out swinging
Batting: RHB Hal Phillips 0-0: Ball
1-0: Fly out, F7 (Line Drive, 7, EV 86.2 MPH)
Batting: RHB Nick Boyd 0-0: Ball
1-0: Foul Ball, location: 2F
1-1: Swinging Strike
1-2: Strikes out swinging
Bottom of the 3rd over - 0 runs, 0 hits, 0 errors, 0 left on base; Jersey City 2 - Baton Rouge 1
TOP OF THE 4TH
Jersey City Tritons batting - Pitching for Baton Rouge Brass : RHP David Silva
Batting: RHB Xiao-yong Huang 0-0: Foul Ball, location: 2F
0-1: Foul Ball, location: 2F
0-2: Ball
1-2: DOUBLE (Line Drive, 5D, EV 103.8 MPH)
Batting: LHB Kevin Hancock 0-0: Ball
1-0: Foul Ball, location: 2F
1-1: Ball
2-1: Foul Ball, location: 2F
2-2: Ball
3-2: Foul Ball, location: 2F
3-2: Base on Balls
Batting: RHB John Juanda 0-0: Called Strike
Xiao-yong Huang is caught stealing 3rd base 2-5
Kevin Hancock to second
0-1: Ball
1-1: Called Strike
1-2: Ball
2-2: Foul Ball, location: 2F
2-2: SINGLE (Groundball, 4MD, EV 96.2 MPH)
Kevin Hancock to third
Runner from 3rd tries for Home, SAFE, no throw by CF
Batting: LHB Jim Henson 0-0: Called Strike
0-1: Ball
1-1: Ball
2-1: Reached on error, E1 (Groundball, 15, EV 68.8 MPH)
John Juanda to second
Batting: RHB Víctor Bojórquez 0-0: Ball
John Juanda steals 3rd base
1-0: Ball
2-0: Swinging Strike
2-1: Ball
3-1: Foul Ball, location: 2F
3-2: DOUBLE (Line Drive, 89D, EV 110.6 MPH)
John Juanda scores
Jim Henson to third
Batting: RHB Ricardo Quintanilla 0-0: Reached on error, E1 (Groundball, 15S, EV 64.4 MPH)
Jim Henson scores
Víctor Bojórquez scores
Pitching: RHP Rafael Bernal
Batting: LHB Justice Bigbie 0-0: Foul Ball, location: 2F
0-1: Ball
1-1: Fly out, F4 (Popup, 34S, EV 78.1 MPH)
Batting: RHB Santiago Valentín 0-0: Ball
1-0: Called Strike
1-1: Ball
2-1: Swinging Strike
2-2: Fly out, F9 (Flyball, 9LS, EV 83.8 MPH)
Top of the 4th over - 4 runs, 3 hits, 2 errors, 1 left on base; Jersey City 6 - Baton Rouge 1
BOTTOM OF THE 4TH
Baton Rouge Brass batting - Pitching for Jersey City Tritons : RHP Dou-guan Shao
Batting: LHB Stephen Goldobenko 0-0: Ball
1-0: Fly out, F9 (Flyball, 9LS, EV 95.6 MPH)
Batting: LHB Weston Doyle 0-0: Fly out, F9 (Flyball, 9, EV 76.9 MPH)
Batting: RHB Jamy Geertsen 0-0: Foul Ball, location: 2F
0-1: Ball
1-1: Called Strike
1-2: Foul Ball, location: 2F
1-2: Ground out 4-3 (Groundball, 4M, EV 85.0 MPH)
Bottom of the 4th over - 0 runs, 0 hits, 0 errors, 0 left on base; Jersey City 6 - Baton Rouge 1
TOP OF THE 5TH
Jersey City Tritons batting - Pitching for Baton Rouge Brass : RHP Rafael Bernal
Batting: LHB DeMarvion Overshown 0-0: Ball
1-0: Foul Ball, location: 2F
1-1: Ground out 4-3 (Groundball, 4, EV 101.2 MPH)
Batting: RHB Xiao-yong Huang 0-0: Foul Ball, location: 2F
0-1: Foul Ball, location: 2F
0-2: Ground out 5-3 (Groundball, 5L, EV 89.4 MPH)
Batting: LHB Kevin Hancock 0-0: Ball
1-0: Ball
2-0: Ball
3-0: SINGLE (Line Drive, 5D, EV 95.6 MPH)
Batting: RHB John Juanda 0-0: Called Strike
0-1: Ball
Kevin Hancock steals 2nd base
1-1: SINGLE (Groundball, 56, EV 90.0 MPH) (infield hit)
Kevin Hancock to third
Batting: LHB Jim Henson 0-0: Ball
1-0: Called Strike
1-1: Called Strike
John Juanda steals 2nd base
1-2: Ball
Wild Pitch!
Kevin Hancock scores
John Juanda to third
2-2: SINGLE (Groundball, 34D, EV 107.5 MPH)
John Juanda scores
Batting: RHB Víctor Bojórquez 0-0: Fly out, F7 (Flyball, 78S, EV 75.6 MPH)
Top of the 5th over - 2 runs, 3 hits, 0 errors, 1 left on base; Jersey City 8 - Baton Rouge 1
BOTTOM OF THE 5TH
Baton Rouge Brass batting - Pitching for Jersey City Tritons : RHP Dou-guan Shao
Batting: LHB Dave Summers 0-0: Ball
1-0: Called Strike
1-1: Ball
2-1: Fly out, F6 (Line Drive, 6, EV 64.4 MPH)
Batting: SHB Vicente Romero 0-0: Fly out, F6 (Popup, 56D, EV 65.6 MPH)
Batting: RHB Travis Murphy 0-0: Called Strike
0-1: Ball
1-1: Ball
2-1: Ball
3-1: DOUBLE (Line Drive, 7LM, EV 88.8 MPH)
Batting: RHB Wren Driscoll 0-0: Ball
1-0: SINGLE (Popup, 3D, EV 51.2 MPH)
Travis Murphy to third
Runner from 3rd tries for Home, SAFE, throw by 2B to home
Wren Driscoll to second
Batting: RHB Hal Phillips 0-0: Ball
1-0: Foul Ball, location: 2F
1-1: Foul Ball, location: 2F
1-2: Ball
2-2: Ground out 5-3 (Groundball, 56, EV 86.9 MPH)
Bottom of the 5th over - 1 run, 2 hits, 0 errors, 1 left on base; Jersey City 8 - Baton Rouge 2
TOP OF THE 6TH
Jersey City Tritons batting - Pitching for Baton Rouge Brass : RHP Rafael Bernal
Batting: RHB Ricardo Quintanilla 0-0: Called Strike
0-1: Swinging Strike
0-2: Foul Ball, location: 2F
0-2: Ball
1-2: Strikes out swinging
Batting: LHB Justice Bigbie 0-0: Ball
1-0: Called Strike
1-1: Swinging Strike
1-2: Foul Ball, location: 2F
1-2: Ground out U3 (Groundball, 3L, EV 81.9 MPH)
Batting: RHB Santiago Valentín 0-0: Swinging Strike
0-1: Ball
1-1: Swinging Strike
1-2: Ball
2-2: Strikes out swinging
Top of the 6th over - 0 runs, 0 hits, 0 errors, 0 left on base; Jersey City 8 - Baton Rouge 2
BOTTOM OF THE 6TH
Baton Rouge Brass batting - Pitching for Jersey City Tritons : RHP Dou-guan Shao
Batting: RHB Nick Boyd 0-0: Ball
1-0: Foul Ball, location: 2F
1-1: Swinging Strike
1-2: Strikes out swinging
Batting: LHB Stephen Goldobenko 0-0: Foul Ball, location: 2F
0-1: Foul Ball, location: 2F
0-2: Strikes out swinging
Batting: LHB Weston Doyle 0-0: SOLO HOME RUN (Flyball, 9D, EV 92.5 MPH), Distance : 364 ft
Batting: RHB Jamy Geertsen 0-0: Ball
1-0: Ball
2-0: Ball
3-0: Base on Balls
Batting: LHB Dave Summers 0-0: Called Strike
0-1: Swinging Strike
0-2: SINGLE (Groundball, 6MD, EV 103.1 MPH)
Jamy Geertsen to second
Runner from 2nd tries for 3rd, SAFE, throw by CF made to third
Batting: SHB Vicente Romero 0-0: Called Strike
0-1: Ball
1-1: DOUBLE (Line Drive, 78XD, EV 112.5 MPH)
Jamy Geertsen scores
Dave Summers to third
Runner from 3rd tries for Home, SAFE, no throw by CF
Pitching: LHP Wesley van Klaveren
Batting: RHB Travis Murphy 0-0: Ball
1-0: Ball
2-0: Ball
3-0: Base on Balls
Batting: RHB Wren Driscoll 0-0: Ball
1-0: Called Strike
1-1: Foul Ball, location: 2F
1-2: Foul Ball, location: 2F
1-2: Strikes out looking
Bottom of the 6th over - 3 runs, 3 hits, 0 errors, 2 left on base; Jersey City 8 - Baton Rouge 5
TOP OF THE 7TH
Jersey City Tritons batting - Pitching for Baton Rouge Brass : RHP Rafael Bernal
Batting: LHB DeMarvion Overshown 0-0: Ball
1-0: Ball
2-0: Ball
3-0: Base on Balls
Pitching: RHP Desiderio Toccafundo
Batting: RHB Xiao-yong Huang 0-0: Ball
1-0: Foul Ball, location: 2F
1-1: Ball
Wild Pitch!
DeMarvion Overshown to second
2-1: Foul Ball, location: 2F
2-2: Ball
3-2: Strikes out swinging
Batting: LHB Kevin Hancock 0-0: Intentional Walk
Batting: RHB John Juanda 0-0: Called Strike
0-1: Called Strike
0-2: Ball
1-2: Ball
2-2: Ball
3-2: Strikes out looking
Batting: LHB Jim Henson 0-0: Ball
1-0: Foul Ball, location: 2F
1-1: Hit by Pitch
DeMarvion Overshown to third
Kevin Hancock to second
Batting: RHB Víctor Bojórquez 0-0: Called Strike
0-1: Ball
1-1: Foul Ball, location: 2F
1-2: Ground out 1-3 (Groundball, 13S, EV 74.4 MPH)
Top of the 7th over - 0 runs, 0 hits, 0 errors, 3 left on base; Jersey City 8 - Baton Rouge 5
BOTTOM OF THE 7TH
Baton Rouge Brass batting - Pitching for Jersey City Tritons : LHP Wesley van Klaveren
Batting: RHB Hal Phillips 0-0: Ball
1-0: SINGLE (Line Drive, 78S, EV 109.4 MPH)
Batting: RHB Nick Boyd 0-0: Ground out U3 (Groundball, 34, EV 92.5 MPH)
Hal Phillips to second
Batting: LHB Stephen Goldobenko 0-0: Called Strike
0-1: Ball
1-1: Called Strike
1-2: Ball
2-2: Ground out U3 (Groundball, 3, EV 91.2 MPH)
Hal Phillips to third
Batting: LHB Weston Doyle 0-0: Ground out U3 (Groundball, 34, EV 97.5 MPH)
Bottom of the 7th over - 0 runs, 1 hit, 0 errors, 1 left on base; Jersey City 8 - Baton Rouge 5
TOP OF THE 8TH
Jersey City Tritons batting - Pitching for Baton Rouge Brass : RHP Desiderio Toccafundo
Batting: RHB Ricardo Quintanilla 0-0: Ball
1-0: Swinging Strike
1-1: Ball
2-1: Ball
3-1: Foul Ball, location: 2F
3-2: Strikes out swinging
Batting: LHB Justice Bigbie 0-0: Ball
1-0: Ball
2-0: Ball
3-0: Base on Balls
Batting: RHB Santiago Valentín 0-0: Ball
Justice Bigbie steals 2nd base
1-0: Ball
Justice Bigbie is caught stealing 3rd base 2-5
2-0: Called Strike
2-1: Foul Ball, location: 2F
2-2: Fly out, F7 (Flyball, 78D, EV 101.2 MPH)
Top of the 8th over - 0 runs, 0 hits, 0 errors, 0 left on base; Jersey City 8 - Baton Rouge 5
BOTTOM OF THE 8TH
Baton Rouge Brass batting - Pitching for Jersey City Tritons : LHP Wesley van Klaveren
Batting: RHB Jamy Geertsen 0-0: Called Strike
0-1: Ball
1-1: Called Strike
1-2: Ground out 6-3 (Groundball, 6, EV 80.6 MPH)
Batting: LHB Dave Summers 0-0: Ball
1-0: Swinging Strike
1-1: Fly out, F9 (Line Drive, 9, EV 91.9 MPH)
Batting: SHB Vicente Romero 0-0: Called Strike
0-1: Swinging Strike
0-2: Ball
1-2: Fly out, F7 (Flyball, 78M, EV 80.0 MPH)
Bottom of the 8th over - 0 runs, 0 hits, 0 errors, 0 left on base; Jersey City 8 - Baton Rouge 5
TOP OF THE 9TH
Jersey City Tritons batting - Pitching for Baton Rouge Brass : RHP Desiderio Toccafundo
Batting: LHB DeMarvion Overshown 0-0: Called Strike
0-1: Ball
1-1: Ball
2-1: Foul Ball, location: 2F
2-2: Ball
3-2: Base on Balls
Batting: RHB Xiao-yong Huang 0-0: SINGLE (Line Drive, 8RS, EV 110.0 MPH)
DeMarvion Overshown to second
Batting: LHB Kevin Hancock 0-0: Ball
1-0: Called Strike
1-1: Foul Ball, location: 2F
1-2: Strikes out swinging
Pitching: RHP Carlos Cardoso
Batting: RHB John Juanda 0-0: Swinging Strike
0-1: Ball
1-1: Foul Ball, location: 2F
1-2: Fly out, F9 (Flyball, 9, EV 90.0 MPH)
Batting: LHB Jim Henson 0-0: Ball
1-0: SINGLE (Groundball, 4MD, EV 96.9 MPH)
DeMarvion Overshown to third
Xiao-yong Huang to second
Runner from 3rd tries for Home, SAFE, throw by CF to home
Batting: RHB Víctor Bojórquez 0-0: Reached on error, E4 (Groundball, 34, EV 87.5 MPH)
Xiao-yong Huang to third
Jim Henson to second
Batting: RHB Ricardo Quintanilla 0-0: Called Strike
0-1: Single, Error in OF, E9, batter to second base (Groundball, 34D, EV 108.8 MPH)
Xiao-yong Huang scores
Jim Henson scores
Víctor Bojórquez to third
Batting: LHB Justice Bigbie 0-0: Called Strike
0-1: Foul Ball, location: 2F
0-2: Ball
1-2: Ball
2-2: Ball
3-2: Fly out, F8 (Flyball, 8RD, EV 103.8 MPH)
Top of the 9th over - 3 runs, 3 hits, 2 errors, 2 left on base; Jersey City 11 - Baton Rouge 5
BOTTOM OF THE 9TH
Baton Rouge Brass batting - Pitching for Jersey City Tritons : LHP Wesley van Klaveren
Batting: RHB Travis Murphy 0-0: Foul Ball, location: 2F
0-1: Ball
1-1: Ball
2-1: Swinging Strike
2-2: Ball
3-2: Fly out, F8 (Flyball, 8LD, EV 98.1 MPH)
Batting: RHB Wren Driscoll 0-0: Called Strike
0-1: Ground out 6-3 (Groundball, 6, EV 85.0 MPH)
Batting: RHB Hal Phillips 0-0: Swinging Strike
0-1: Ball
1-1: Ball
2-1: Ball
3-1: Called Strike
3-2: Base on Balls
Batting: RHB Nick Boyd 0-0: Called Strike
0-1: Ball
1-1: Foul Ball, location: 2F
1-2: Foul Ball, location: 2F
1-2: Ball
2-2: Foul Ball, location: 2F
2-2: DOUBLE (Flyball, 78D, EV 91.2 MPH)
Hal Phillips to third
Batting: LHB Stephen Goldobenko 0-0: Called Strike
0-1: Ball
1-1: Ball
2-1: Fly out, F4 (Line Drive, 4, EV 63.8 MPH)
Bottom of the 9th over - 0 runs, 1 hit, 0 errors, 2 left on base; Jersey City 11 - Baton Rouge 5
Friday, March 26th, 2021 - OOTP Baseball 20.8 Build 74